 Dungeon Crawl Stone Soup version 0.32-a0-630-g46d191b0ed (webtiles) character file.

Game seed: 6260357136251323305

9114 zenocrate the Nimble (level 11, -4/75 HPs)
             Began as an Octopode Earth Elementalist on Mar 6, 2024.
             Was an Initiate of Gozag.
             Slain by a wolf (5 damage)
             ... while petrified by a basilisk
             ... on level 1 of the Lair of Beasts.
             The game lasted 00:14:59 (13526 turns).

zenocrate the Nimble (Octopode Earth Elementalist) Turns: 13526, Time: 00:15:00

Health: -4/75      AC:  1    Str:  7    XL:     11   Next: 41%
Magic:  7/20       EV:  2    Int: 22    God:    Gozag
Gold:   1475       SH:  0    Dex: 16    Spells: 3/23 levels left

rFire   . . .        a - staff of earth
rCold   . . .        (no shield)
rNeg    + + +        (helmet restricted)
rPois   ∞            s - amulet of the acrobat
rElec   .            m - ring of Iqysoto {Fire rN+ Dex+3}
rCorr   +            k - ring of ice
SInv    .            c - ring of resist corrosion
Will    .....        (no ring)
Stlth   +++          (no ring)
HPRegen 0.32/turn    (no ring)
MPRegen 0.17/turn    (no ring)
                     (no ring)

%: acrobat
@: petrified, gold aura, hasted, studying Ranged Weapons
A: almost no armour, amphibious, 8 rings, camouflage 1, gelatinous body 1,
(nimble swimmer 1), tentacles
a: Renounce Religion, Potion Petition, Call Merchant, Bribe Branch


You were on level 1 of the Lair of Beasts.
You worshipped Gozag.
Gozag was most pleased with you.
You visited 3 branches of the dungeon, and saw 11 of its levels.

You collected 1900 gold pieces.
You paid 425 gold pieces to Gozag.

Inventory:

Hand Weapons
 n - a +2 dagger of holy wrath
 y - a +4 rapier
Armour
 D - an orb of guile
Magical Staves
 a - a staff of earth (weapon)
 A - a staff of air
Jewellery
 c - a ring of resist corrosion (on tentacle)
 k - a ring of ice (right tentacle)
 m - the ring of Iqysoto (left tentacle) {Fire rN+ Dex+3}
   (You found it on level 3 of the Dungeon)

   [ring of fire]

   Fire:      It enhances your fire magic.
   Dex+3:     It affects your dexterity (+3).
   rF+:       It protects you from fire.
   rC-:       It makes you vulnerable to cold.
   rN+:       It protects you from negative energy.
 s - an amulet of the acrobat (around mantle)
 x - an amulet of guardian spirit
Talismans
 j - a flux talisman
Wands
 g - a wand of flame (12)
 r - a wand of light (2)
 t - a wand of polymorph (6)
 u - a wand of mindburst (3)
Scrolls
 d - a scroll of summoning {unknown}
 f - 5 scrolls of blinking
 o - 2 scrolls of noise {unknown}
 p - 2 scrolls of enchant armour {unknown}
 v - a scroll of poison {unknown}
 w - 2 scrolls of teleportation
 E - a scroll of silence {unknown}
Potions
 b - 2 potions of heal wounds
 e - 2 potions of brilliance
 h - 2 potions of resistance
 i - a potion of attraction {unknown}
 l - a potion of mutation {unknown}
 q - a potion of might {unknown}
 z - 2 potions of enlightenment {unknown}
 B - 2 potions of curing {unknown}
 C - a potion of ambrosia {unknown}


   Skills:
 + Level 7.5 Fighting
 + Level 8.1 Dodging
 - Level 2.6 Stealth
 + Level 4.3 Unarmed Combat
 + Level 6.5 Spellcasting
 + Level 6.7 Conjurations
 + Level 7.4 Earth Magic
 + Level 6.1 Evocations


You had 3 spell levels left.
You knew the following spells:

 Your Spells              Type           Power      Damage    Failure   Level
a - Stone Arrow           Conj/Erth      100%       3d13      1%          3
b - Sandblast             Erth           100%       2d20      1%          1
c - Brom's Barrelling Bo  Conj/Erth      55%        2d7       4%          4
d - Lehudib's Crystal Sp  Conj/Erth      27%        10d7      100%        8
m - Apportation           Tloc           14%        N/A       9%          1
w - Passwall              Erth           56%        N/A       1%          3

Your spell library contained the following spells:

 Spells                   Type           Power      Damage    Failure   Level
 Jinxbite                 Hex            14%        N/A       13%         2
 Petrify                  Alch/Erth      35%        N/A       19%         4
 Alistair's Intoxication  Alch           4%         N/A       94%         5
 Chain Lightning          Conj/Air       11%        3d14      100%        9
 Fire Storm               Conj/Fire      16%        8d4       100%        9
 Shatter                  Erth           28%        3d23*     100%        9
 Animate Armour           Summ/Erth      Unusable   N/A       N/A         4

Dungeon Overview and Level Annotations

Branches:
Dungeon (9/15)             Temple (1/1) D:4            Lair (1/5) D:9
    Orc (0/2) D:9

Altars:
Ashenzari
Cheibriados
Dithmenos
Elyvilon
Fedhas
Gozag
Hepliaklqana
Kikubaaqudgha
Makhleb
Nemelex Xobeh
Okawaru
Qazlal
Ru
Sif Muna
Trog
Uskayaw
Vehumet
Wu Jian
Xom
Yredelemnul
Zin
The Shining One

Shops:
D:9 [

Annotations:
D:5 digging for scroll
D:9 exclusion: ice statue
Temple 2 transporters


Innate Abilities, Weirdness & Mutations

You cannot wear most types of armour.
You are amphibious.
You can wear up to eight rings at the same time.
Your skin changes colour to match your surroundings (Stealth+).
Your rubbery body absorbs attacks. (AC +1, EV +1)
((You are camouflaged when in or above water. (Stealth+)))
You have tentacles for arms and can constrict up to eight enemies at once.


Message History

The wolf bites you. The basilisk bites you!!
* * * LOW HITPOINT WARNING * * *
The basilisk gazes at you. You resist with some effort.
The wolf howls!
You hear a howl!
Your limbs are stiffening.
Unknown command.
Okay, then. [a] - 375 gold - haste and heal wounds [b] - 330 gold - curing and magic [c] - 783 gold - heal wounds, curing, berserk rage, haste and brilliance Purchase which effect?
You feel yourself speed up.
You feel much better.
You constrict the basilisk!
You kill the basilisk!
You hear a bellow!
The butterfly is distracted by your dazzling golden aura.
A wolf comes into view.
The wolf bites you. x2; The wolf closely misses you.
The wolf bites you.
A wolf comes into view.
The wolf bites you!
You hear a bellow!
You have turned to stone.
The wolf bites you. x5
The wolf bites you! x2
* * * LOW HITPOINT WARNING * * *
The wolf bites you!
* * * LOW HITPOINT WARNING * * *
The wolf bites you.
* * * LOW HITPOINT WARNING * * *
The wolf bites you!
* * * LOW HITPOINT WARNING * * *
The wolf bites you.
* * * LOW HITPOINT WARNING * * *
The wolf bites you!
* * * LOW HITPOINT WARNING * * *
The wolf bites you!
* * * LOW HITPOINT WARNING * * *
The wolf bites you!
You die...
Your body crumbles into a pile of gold.

#...............
#.......$.......
#...............
#....hP.........
.######...............
.y....$...$...........
.P#.###....b..........
#hh.....$.......
#@h.............
#........P(P....
#....$..........
#...............
#........#.....P
###........##....#
###.#....<.....#...#
.............#####.#
####........# ..


You could see 4 wolves.

Vanquished Creatures
  A tengu warrior (D:9)
  Pikel (D:4)
  An elephant (D:9)
  Maggie (D:7)
  Jeremiah (D:8)
  An unseen horror (D:9)
  2 cane toads (Lair:1)
  Psyche (D:8)
  3 hornets
  2 wyverns (D:9)
  Sigmund (D:2)
  2 basilisks
  Eustachio (D:4)
  Menkaure (D:4)
  A steam dragon (D:6)
  2 water moccasins (D:5)
  4 ice beasts
  4 orc warriors
  A sky beast (D:8)
  4 ogres
  2 black bears
  A phantom (D:6)
  2 centaurs (D:8)
  A kobold brigand (D:9)
  2 bullfrogs
  A gnoll sergeant (D:8)
  4 scorpions
  6 wights (D:7)
  14 killer bees
  4 howler monkeys
  6 orc priests
  6 hounds
  3 sleepcaps
  A gnoll bouda (D:6)
  Jessica (D:3)
  4 iguanas
  9 orc wizards
  13 gnolls
  5 adders
  A white imp (D:6)
  A dart slug (D:3)
  32 orcs
  2 bats
  9 endoplasms
  2 giant cockroaches (D:4)
  3 goblins
  7 hobgoblins
  2 jackals (D:4)
  11 kobolds
  3 quokkas
  8 ball pythons
  3 frilled lizards
  4 rats
208 creatures vanquished.

Notes
Turn   | Place    | Note
-------+----------+-------------------------------------------
     0 | D:1      | zenocrate the Octopode Earth Elementalist began the quest
                  | for the Orb.
     0 | D:1      | Reached XP level 1. HP: 11/11 MP: 3/3
   120 | D:1      | Reached XP level 2. HP: 18/18 MP: 3/5
   865 | D:2      | Reached skill level 1 in Fighting
   865 | D:2      | Reached XP level 3. HP: 23/23 MP: 6/6
   944 | D:2      | Noticed Sigmund
   954 | D:2      | Killed Sigmund
   955 | D:2      | Reached XP level 4. HP: 18/30 MP: 4/8
   955 | D:2      | Reached XP level 5. HP: 21/35 MP: 4/9
  1103 | D:2      | Learned a level 3 spell: Stone Arrow
  1107 | D:2      | Learned a level 3 spell: Passwall
  1509 | D:3      | Found an opulent altar of Gozag.
  1614 | D:3      | Became a worshipper of Gozag Ym Sagoz the Greedy
  1663 | D:3      | Reached skill level 3 in Dodging
  1926 | D:3      | Identified the ring of Iqysoto {Fire rN+ Dex+3}
  1936 | D:3      | Reached XP level 6. HP: 35/41 MP: 10/10
  2189 | D:3      | Noticed Jessica
  2193 | D:3      | Killed Jessica
  2299 | D:3      | Learned a level 4 spell: Brom's Barrelling Boulder
  2356 | D:4      | Noticed Eustachio
  2383 | D:4      | Killed Eustachio
  2384 | D:4      | Reached XP level 7. HP: 20/47 MP: 0/12
  2681 | D:4      | Reached skill level 4 in Dodging
  2844 | D:4      | Noticed Menkaure
  2924 | D:4      | Killed Menkaure
  2925 | D:4      | Reached skill level 1 in Evocations
  2925 | D:4      | Reached XP level 8. HP: 54/54 MP: 3/13
  3106 | D:4      | Found a staircase to the Ecumenical Temple.
  3112 | Temple   | Found a transporter.
  3112 | Temple   | Found a transporter.
  3112 | Temple   | Found a transporter.
  3112 | Temple   | Found a transporter.
  3112 | Temple   | Entered the Ecumenical Temple
  3129 | D:4      | Noticed Pikel
  3133 | D:4      | Killed Pikel
  3134 | D:4      | Reached skill level 5 in Fighting
  3134 | D:4      | Reached skill level 5 in Dodging
  3134 | D:4      | Reached skill level 5 in Earth Magic
  3643 | D:4      | Found a shadowy altar of Dithmenos.
  3676 | D:5      | Entered Level 5 of the Dungeon
  4290 | D:5      | Reached XP level 9. HP: 61/61 MP: 11/15
  4761 | D:5      | Reached skill level 6 in Dodging
  5451 | D:6      | Reached skill level 5 in Spellcasting
  5877 | D:6      | Reached skill level 5 in Conjurations
  6574 | D:6      | Reached skill level 1 in Unarmed Combat
  7143 | D:7      | Reached XP level 10. HP: 68/68 MP: 2/17
  7402 | D:7      | Found a sparkling altar of Nemelex Xobeh.
  7492 | D:7      | Identified the -1 kite shield of the Snake Pit {Will- rCorr
                  | Str+5 Int-5}
  7536 | D:7      | Reached skill level 7 in Dodging
  7829 | D:7      | Noticed Maggie
  7837 | D:7      | Killed Maggie
  8091 | D:7      | Found a stormy altar of Qazlal.
  8555 | D:8      | Noticed Psyche
  8562 | D:8      | Killed Psyche
  8812 | D:8      | Learned a level 8 spell: Lehudib's Crystal Spear
  9048 | D:8      | Noticed Jeremiah
 10760 | D:8      | Reached skill level 5 in Evocations
 11235 | D:8      | Killed Jeremiah
 11431 | D:9      | Found an ornate altar of the Wu Jian Council.
 11653 | D:9      | Found a staircase to the Orcish Mines.
 11661 | D:9      | Found Eliah's Armour Emporium.
 11806 | D:9      | Killed an unseen horror
 11985 | D:9      | Noticed an ice statue
 12260 | D:9      | Reached XP level 11. HP: 56/75 MP: 13/20
 12366 | D:9      | Found a staircase to the Lair.
 12721 | D:9      | Noticed a tengu warrior
 12734 | D:9      | Killed a tengu warrior
 13330 | Lair:1   | Entered Level 1 of the Lair of Beasts
 13333 | Lair:1   | Reached skill level 8 in Dodging
 13380 | Lair:1   | Learned a level 1 spell: Apportation
 13526 | Lair:1   | HP: 1/75 [wolf (4)]
 13526 | Lair:1   | Slain by a wolf

Illustrated notes

Levels and vault maps discovered:
D:1:      dpeg_arrival_rooms_with_view, layout_basic
D:2:      layout_basic, uniq_sigmund
D:3:      layout_basic, grunt_gozag_statues, kennysheep_jessica_study
D:4:      layout_basic, lemuel_coloured_pillars_altar,
          minmay_temple_entry_enclosed_plants, minmay_misc_feat_square,
          serial_bayou_pond_d, uniq_eustachio, uniq_pikel, uniq_menkaure
D:5:      layout_basic, minmay_statues_item, abandoned_shop
D:6:      layout_layer_cave, nicolae_grassy_gnolls
D:7:      layout_cave_pods, mainiacjoe_overflow_alcove_2,
          nemelex_xobeh_ov_fountains_minmay, uniq_maggie
D:8:      layout_layer_cave, uniq_jeremiah, uniq_psyche
D:9:      minmay_statue_hallways, layout_stronghold,
          nicolae_wu_jian_wuxing_cycle, david_lair_generic, orc_david_3,
          small_chamber_with_monster, kennysheep_doodads
Temple:   hellmonk_temple_divided_pantheon
Lair:1:   layout_small_grid, dreamdust_wasp_nest, lemuel_fruit_fields

Skill      XL: |  1  2  3  4  5  6  7  8  9 10 11 |
---------------+----------------------------------+-----
Fighting       | 1 2 3 4 5 6 7 |  7.5
Conjurations   | 2 3 4 5 6 |  6.7
Dodging        | 3 4 5 6 7 8 |  8.1
Spellcasting   | 3 4 5 6 |  6.5
Earth Magic    | 4 5 6 7 |  7.4
Evocations     | 1 2 4 5 6 |  6.1
Unarmed Combat | 1 3 4 |  4.3
Stealth        | |  2.6

Action                     |  1- 3 |  4- 6 |  7- 9 | 10-12 || total
---------------------------+-------+-------+-------+-------++-------
  Melee: Unarmed           |     3 |       |       |     3 ||     6
         Constrict         |     5 |     8 |    20 |    18 ||    51
         Dagger            |    13 |    32 |       |       ||    45
         Tentacles         |     2 |     7 |    18 |    13 ||    40
         Staff             |       |     7 |    62 |    46 ||   115
         Punch             |       |       |       |     1 ||     1
   Cast: Sandblast         |    16 |    22 |     5 |       ||    43
         Stone Arrow       |       |     4 |   104 |   136 ||   244
 Invoke: Potion Petition   |       |       |       |     1 ||     1
  Evoke: Wand              |       |       |       |    13 ||    13
    Use: Scroll            |       |     1 |       |     6 ||     7
         Potion            |       |       |     1 |     2 ||     3
   Stab: Sleeping          |     7 |     5 |     2 |       ||    14
         Distracted        |       |       |     2 |     1 ||     3
 Armour: Skin              |     5 |    20 |    52 |    86 ||   163
  Dodge: Dodged            |     8 |    28 |    56 |    87 ||   179

Table legend: (Time is in decaauts)
 A = Elapsed time spent in this place.
 B = Non-inter-level travel time spent in this place.
 C = Inter-level travel time spent in this place.
 D = Time resting spent in this place.
 E = Time spent auto-exploring this place.
 F = Levels seen in this place.
 G = Mean time per level.
                   A        B        C        D        E       F      G
               +--------+--------+--------+--------+--------+-----+--------+
         Total |  13579 |  13083 |    496 |    853 |  10721 |  11 | 1234.5 |
       Dungeon |  13379 |  12883 |    496 |    851 |  10603 |   9 | 1486.6 |
        Temple |      1 |      1 |      0 |      0 |      0 |   1 |    1.0 |
          Lair |    198 |    198 |      0 |      2 |    118 |   1 |  198.0 |
               +--------+--------+--------+--------+--------+-----+--------+

Top non-repeatable levels by time:
     D:7: 2378 daAuts
     D:9: 2021 daAuts
     D:8: 1956 daAuts
     D:6: 1843 daAuts
     D:4: 1454 daAuts
     D:5: 1404 daAuts
     D:3: 912 daAuts
     D:1: 867 daAuts
     D:2: 541 daAuts
  Lair:1: 198 daAuts
  Temple: 1 daAuts
